 Dungeon Crawl Stone Soup version 0.17.1-2-g5865329 (webtiles) character file.

76 KH9Zz the Ducker (level 4, 0/45 HPs)
             Began as a Troll Berserker on Feb 1, 2016.
             Was a Believer of Trog.
             Slain by Sigmund
             ... wielding a cursed -2 scythe
              (9 damage)
             ... on level 2 of the Dungeon.
             The game lasted 00:16:04 (1328 turns).

KH9Zz the Ducker (Troll Berserker)                  Turns: 1328, Time: 00:16:04

Health: 0/45       AC:  5    Str: 26      XL:     4   Next: 12%
Magic:  3/3        EV: 10    Int:  3      God:    Trog [**....]
Gold:   117        SH:  0    Dex:  6 (9)  Spells: 0 memorised, 3 levels left

rFire  . . .     SeeInvis .     a - +0 short sword
rCold  . . .     Clarity  .     b - +0 animal skin
rNeg   . . .     SustAt   .     (no shield)
rPois  .         Gourm    +     (helmet restricted)
rElec  .         Spirit   .     (no cloak)
rCorr  .         Warding  .     (gloves unavailable)
rMut   .         Stasis   .     (boots unavailable)
MR     .....                    (no amulet)
Stlth  ++........               (no ring)
                                e - ring of stealth

@: exhausted, slowed, very slow, not resistant to hostile enchantments,
unstealthy
A: unfitting armour, claws 3, fast metabolism 3, gourmand, regeneration 2,
shaggy fur 1, tough skin 2
a: Berserk, Trog's Hand, Burn Spellbooks, Renounce Religion


You were on level 2 of the Dungeon.
You worshipped Trog.
Trog was pleased with you.
You were very hungry.

You visited 1 branch of the dungeon, and saw 2 of its levels.

You collected 117 gold pieces.

Inventory:

Hand Weapons
 a - a +0 short sword (weapon)
 f - a +0 club
 h - a +0 club
 m - a +0 whip
Missiles
 j - 14 stones (quivered)
Armour
 b - a +0 animal skin (worn)
Jewellery
 e - a ring of stealth (left claw)
Wands
 n - a wand of frost (25)
Potions
 g - 2 potions of ambrosia
 i - a potion of magic {unknown}
 k - 2 potions of curing {unknown}
 p - a potion of heal wounds {unknown}
Comestibles
 c - a bread ration
 d - 2 fruits
 l - a slice of pizza


   Skills:
 + Level 3.0 Fighting
 + Level 2.8 Short Blades
 + Level 0.6 Maces & Flails
 + Level 0.1 Throwing
 + Level 3.2 Dodging


You had 3 spell levels left.
You didn't know any spells.

Dungeon Overview and Level Annotations

Branches:
Dungeon (2/15)

Altars:
Elyvilon
Ru

Annotations:
D:2 Sigmund


Innate Abilities, Weirdness & Mutations

You are too large for most types of armour.
You have claws for hands.
Your metabolism is lightning-fast.
You like to eat raw meat.
You heal very quickly.
You are covered in fur (AC +1).
You have very tough skin (AC +2).


Message History

You are too injured to fight recklessly!
You are too injured to fight recklessly!
You are too injured to fight recklessly!
You are too injured to fight recklessly!
You are too injured to fight recklessly!
You are too injured to fight recklessly!
You are too injured to fight recklessly!
You are too injured to fight recklessly!
You are too injured to fight recklessly!
The hobgoblin barely misses you. Something hits you but does no damage.
The hobgoblin hits you but does no damage.
You hit the hobgoblin.
The hobgoblin is heavily wounded.
Something hits you.
* * * LOW HITPOINT WARNING * * *
The hobgoblin hits you but does no damage.
The hobgoblin hits you with a club.
* * * LOW HITPOINT WARNING * * *
Something hits you!
You die...

.######.#.# #.#
#.# .# #.#.# #.#
#.# .#
#.#.#########w#
#.# ##
#.#...........####
#.#
#.#....######....#
#.# #.#.##.#
#.##.# #.#
#.#..#.# ####.##.#
#.# #.##.#.#
#.g..##.# #.#
#.##.#.###@#####†#
#.#
#....#.....<.....#
#.#
##########_.######
#.# #..# #.#
##.############.#
#.##...........#
#.##.###########
#.##...# #.####.#


You could see a hobgoblin.

Vanquished Creatures
  Natasha (twice) (D:2)
  2 oozes (D:1)
  A giant gecko (D:2)
  2 bats (D:1)
  A giant cockroach (D:1)
  3 hobgoblins (D:1)
  2 kobolds (D:1)
  A giant newt (D:1)
  5 goblins
  10 jackals
  3 rats (D:1)
  2 fungi (D:2)
  A plant (D:2)
35 creatures vanquished.

Notes
Turn   | Place    | Note
--------------------------------------------------------------
     0 | D:1      | KH9Zz the Troll Berserker began the quest for the Orb.
     0 | D:1      | Reached XP level 1. HP: 22/22 MP: 0/0
   114 | D:1      | Reached XP level 2. HP: 29/29 MP: 1/1
   262 | D:2      | Found a white marble altar of Elyvilon.
   306 | D:2      | Noticed Sigmund
   575 | D:1      | Reached ** piety under Trog
   587 | D:1      | Reached XP level 3. HP: 32/36 MP: 2/2
  1051 | D:2      | Noticed Natasha
  1057 | D:2      | Killed Natasha
  1057 | D:2      | Reached skill level 3 in Fighting
  1083 | D:2      | Found a sacrificial altar of Ru.
  1289 | D:2      | Noticed Natasha
  1294 | D:2      | Killed Natasha
  1294 | D:2      | Reached XP level 4. HP: 31/45 MP: 3/3
  1328 | D:2      | Slain by Sigmund

Action                   |  1- 3 |  4- 6 || total
-------------------------+-------+-------++-------
Melee: Short sword       |   202 |     4 ||   206
       Whip              |    61 |       ||    61
Throw: Stone             |    19 |       ||    19
Invok: Trog's Hand       |     1 |     1 ||     2
       Berserk           |       |     1 ||     1
Evoke: Wand              |     2 |     1 ||     3
  Use: Potion            |     2 |       ||     2
       Scroll            |     1 |       ||     1
 Stab: Sleeping          |     1 |       ||     1
  Eat: Bread ration      |     2 |       ||     2
       Chunk             |     1 |       ||     1
